Map: 사이버 포레스트 - 래더

Players

DnS

  • Race: Protoss Protoss
  • Spawn Location: 11:00

SouLeer - Winner!

  • Race: Zerg Zerg
  • Spawn Location: 5:00

Event: HomeStory Cup XIX

VOD

Have the link to the VOD?

Description

Time

  • Played on: June 27, 2019, 5:46 p.m.
  • Length: 6:29

All games in this series

Show
View Real Time Build Order
Export as new Build Order

DnS Protoss 

Build Orders: 1 Gate Expand, Zealot Archon, Dark Templar Rush 

Get SALT Encoding   

  12  0:00  Probe  
  13  0:12  Probe  
  14  0:19  Pylon  
  14  0:24  Probe  
  15  0:33  Probe  
  15  0:40  Gateway  
  15  0:41  Probe  
  17  0:51  Probe  
  17  0:53  Assimilator  
  18  1:03  Probe  
  19  1:15  Probe  
  20  1:27  Nexus  
  20  1:37  Cybernetics Core  
  20  1:39  Probe  
  21  1:45  Assimilator  
  21  1:51  Probe  
  21  1:54  Pylon  
  22  2:03  Probe, Adept  
  25  2:15  Probe  
  25  2:17  Twilight Council  
  26  2:24  Stalker  
  26  2:25  Warp Gate  
  26  2:27  Probe  
  27  2:35  Probe  
  29  2:40  Probe  
  29  2:43  Probe  
  32  2:52  Probe  
  32  2:53  Probe  
  32  2:58  Robotics Facility  
  34  3:04  Probe  
  35  3:06  Probe  
  36  3:13  Adept  
  36  3:16  Probe  
  36  3:18  Probe  
  38  3:20  Gateway  
  38  3:23  Dark Shrine  
  38  3:28  Probe  
  38  3:31  Gateway  
  40  3:34  Probe  
  40  3:37  Warp Prism  
  40  3:40  Probe  
  41  3:42  Pylon  
  43  3:48  Probe  
  43  3:54  Pylon  
  43  3:55  Probe  
  45  3:57  Assimilator  
  45  3:59  Assimilator  
  45  4:01  Probe  
  46  4:07  Probe  
  47  4:12  Pylon  
  47  4:13  Observer, Probe  
  49  4:19  Probe  
  50  4:25  Probe  
  50  4:31  Probe  
  52  4:33  Pylon  
  52  4:35  Dark Templar x3  
  62  4:47  Shield Battery  
  60  5:03  Shield Battery  
  58  5:08  Dark Templar  
  58  5:09  Zealot  
  62  5:20  Probe  
  52  5:31  Shield Battery  
  52  5:32  Immortal  
  52  5:33  Archon  
  52  5:37  Dark Templar  
  51  5:44  Pylon  
  27  5:59  Pylon  
  23  6:07  Zealot  
  23  6:09  Probe  
  16  6:12  Probe  
Show
View Real Time Build Order
Export as new Build Order

SouLeer Zerg - Winner!

Build Orders: Hatch First 

Get SALT Encoding   

  12  0:00  Drone  
  13  0:12  Overlord  
  13  0:17  Drone  
  14  0:30  Drone x2  
  16  0:52  Drone, Hatchery  
  16  0:55  Drone  
  17  0:59  Drone  
  18  1:09  Extractor  
  17  1:18  Spawning Pool  
  17  1:19  Drone  
  17  1:23  Drone  
  18  1:28  Drone  
  19  1:39  Drone  
  20  1:49  Overlord  
  20  2:07  Zergling x2, Queen x2  
  20  2:08  Zergling x2  
  26  2:11  Drone  
  27  2:22  Drone  
  28  2:24  Drone  
  28  2:28  Zergling x2  
  30  2:33  Zergling x2  
  31  2:39  Zergling x2  
  31  2:43  Lair  
  32  2:47  Drone x2  
  34  2:59  Hatchery  
  34  3:04  Drone x2  
  34  3:09  Extractor  
  33  3:15  Spore Crawler  
  32  3:23  Drone x2  
  32  3:25  Overlord  
  32  3:26  Metabolic Boost, Spore Crawler  
  35  3:27  Drone  
  36  3:34  Spore Crawler  
  36  3:35  Queen, Extractor  
  36  3:36  Overlord  
  38  3:45  Nydus Network  
  38  3:47  Spore Crawler  
  36  3:50  Zergling x2  
  36  3:52  Zergling x2  
  36  3:54  Zergling x2  
  39  4:08  Zergling x2  
  40  4:10  Queen  
  40  4:14  Zergling x6  
  45  4:18  Zergling x2  
  45  4:23  Zergling x2  
  45  4:24  Zergling x2  
  48  4:25  Nydus Canal  
  48  4:31  Zergling x4  
  50  4:35  Overlord  
  50  4:41  Overseer  
  50  4:50  Zergling x2  
  51  4:53  Zergling x2  
  51  4:57  Zergling x2  
  51  4:58  Zergling x2, Nydus Canal  
  51  5:04  Overseer  
  47  5:13  Nydus Canal  
  46  5:14  Zergling x4  
  46  5:20  Zergling x2  
  47  5:26  Zergling x2  
  42  5:37  Zergling x6  
  42  5:40  Zergling x2  
  42  5:43  Zergling x2  
  41  5:50  Spine Crawler  
  41  5:53  Zergling x2  
  41  6:02  Zergling x4  
  40  6:05  Zergling x2  
  40  6:07  Zergling x2  
  40  6:11  Zergling x2  
Tags
 
Add a new tag
Caveats
  • Supply blocks, unpowered buildings, or Contaminate may cause inaccurate times.
  • Supply counts are checked every 10 seconds.